 Dungeon Crawl Stone Soup version 0.21.1-1-g345015fe64 (webtiles) character file.

58647 dellamorte the Bludgeoner (level 14, 0/141 HPs)
             Began as a Troll Chaos Knight on Apr 28, 2018.
             Killed by divine providence
             ... invoked by a smoke demon
             ... summoned by an orc high priest
              (12 damage)
             ... on level 1 of the Orcish Mines.
             The game lasted 00:55:33 (15019 turns).

dellamorte the Bludgeoner (Troll Chaos Knight)     Turns: 15019, Time: 00:55:35

Health: 0/141      AC: 13    Str: 32    XL:     14   Next: 50%
Magic:  16/16      EV: 19    Int: 10    God:    Xom [*.....]
Gold:   982        SH:  4    Dex: 15    Spells: 8/15 levels left

rFire    . . .     SeeInvis .   F - +2 giant spiked club
rCold    . . .     Gourm    +   (shield currently unavailable)
rNeg     . . .     Faith    .   B - +0 robe "Qais" {Str+2 Int+2 Slay+3}
rPois    .         Spirit   .   i - +2 hat
rElec    .         Reflect  .   m - +2 cloak
rCorr    .         Harm     .   (gloves unavailable)
MR       ++...     Clarity  +   (boots unavailable)
Stlth    +.........             g - amulet of rage
HPRegen  1.13/turn              H - +4 ring of evasion
MPRegen  0.15/turn              J - +2 ring of slaying

@: mighty, berserk cooldown, hasted and slowed, drained
A: large, unfitting armour, claws 3, hooves 1, horns 1, large bone plates 1,
yellow scales 1, agile 2, clarity, fast metabolism 3, gourmand, magic resistance
1, sense surroundings 1, regeneration 2, shaggy fur 2, tough skin 2
a: Renounce Religion, Evoke Berserk Rage


You were on level 1 of the Orcish Mines.
You worshipped Xom.
You were a special plaything of Xom.
You were very full.

You visited 3 branches of the dungeon, and saw 18 of its levels.

You collected 1460 gold pieces.
You spent 478 gold pieces at shops.

Inventory:

Hand Weapons
 a - a +0 mace of chaos
 o - a +2 mace of protection
 s - a +1 flail
 y - the +6 hunting sling "Paasiv" {venom, rC+}
   (You found it on level 6 of the Dungeon)

   It poisons the ammo it fires.
   It protects you from cold.
 E - the +9 hand axe of the Eel {distort, rF- rC+ Int+4 Dex+4}
   (You found it on level 8 of the Dungeon)

   It warps and distorts space around it.
   Unwielding it can cause banishment or high damage.
   It affects your intelligence (+4).
   It affects your dexterity (+4).
   It makes you vulnerable to fire.
   It protects you from cold.
 F - a +2 giant spiked club (weapon)
Missiles
 T - 14 large rocks (quivered)
Armour
 i - a +2 hat (worn)
 m - a +2 cloak (worn)
 B - the +0 robe "Qais" (worn) {Str+2 Int+2 Slay+3}
   (You bought it in a shop on level 7 of the Dungeon)

   It affects your strength (+2).
   It affects your intelligence (+2).
   It affects your accuracy and damage with ranged weapons and melee attacks
   (+3).
Jewellery
 g - an amulet of rage (around neck)
 l - an uncursed ring of see invisible
 t - an uncursed ring of protection from magic
 z - the ring of the Mage {Wiz MR++ Int+3}
   (You found it on level 7 of the Dungeon)

   [ring of wizardry]

   It improves your spell success rate.
   It affects your intelligence (+3).
   It affects your resistance to hostile enchantments.
 H - a +4 ring of evasion (left claw)
 J - a +2 ring of slaying (right claw)
 Q - an uncursed ring of resist corrosion
Wands
 A - a wand of clouds (5)
 G - a wand of acid (18)
 K - a wand of polymorph (10)
Scrolls
 e - 6 scrolls of amnesia
 f - 6 scrolls of identify
 h - 5 scrolls of fear
 n - a scroll of blinking
 p - 5 scrolls of teleportation
 q - 2 scrolls of enchant armour
 r - 4 scrolls of fog
 C - 4 scrolls of remove curse
Potions
 b - a potion of lignification
 d - 13 potions of curing
 k - a potion of haste
 u - 5 potions of heal wounds
 w - 2 potions of flight
 O - a potion of agility
 P - a potion of might
Books
 v - a book of Minor Magic

   Spells                             Type                      Level
   a - Magic Dart                     Conjuration                  1
   b - Blink                          Translocation                2
   c - Call Imp                       Summoning                    2
   d - Slow                           Hexes                        2
   e - Conjure Flame                  Conjuration/Fire             3
   f - Mephitic Cloud                 Conjuration/Poison/Air       3
 x - a book of Necromancy

   Spells                             Type                      Level
   a - Pain                           Necromancy                   1
   b - Animate Skeleton               Necromancy                   1
   c - Vampiric Draining              Necromancy                   3
   d - Regeneration                   Charms/Necromancy            3
   e - Animate Dead                   Necromancy                   4
   f - Borgnjor's Vile Clutch         Necromancy/Earth             5
 D - the Disquisition on Translocation and Self-Knowledge
   (You found it on level 8 of the Dungeon)

   Spells                             Type                      Level
   a - Apportation                    Translocation                1
   b - Shroud of Golubria             Charms/Translocation         2
   c - Song of Slaying                Charms                       2
   d - Blink                          Translocation                2
   e - Force Lance                    Conjuration/Translocation    4
   f - Ring of Flames                 Charms/Fire                  7
 I - a book of Changes

   Spells                             Type                      Level
   a - Beastly Appendage              Transmutation                1
   b - Sticks to Snakes               Transmutation                2
   c - Spider Form                    Transmutation/Poison         3
   d - Ice Form                       Ice/Transmutation            4
   e - Blade Hands                    Transmutation                5
 L - a book of Death

   Spells                             Type                      Level
   a - Corpse Rot                     Necromancy                   2
   b - Sublimation of Blood           Necromancy                   2
   c - Agony                          Necromancy                   5
   d - Dispel Undead                  Necromancy                   5
   e - Excruciating Wounds            Charms/Necromancy            5
   f - Bolt of Draining               Conjuration/Necromancy       5
 M - a book of Power

   Spells                             Type                      Level
   a - Iskenderun's Battlesphere      Conjuration/Charms           5
   b - Venom Bolt                     Conjuration/Poison           5
   c - Bolt of Magma                  Conjuration/Fire/Earth       5
   d - Iron Shot                      Conjuration/Earth            6
   e - Orb of Destruction             Conjuration                  7
   f - Spellforged Servitor           Conjuration/Summoning        7
 N - a book of Beasts

   Spells                             Type                      Level
   a - Summon Butterflies             Summoning                    1
   b - Call Canine Familiar           Summoning                    3
   c - Summon Ice Beast               Ice/Summoning                4
   d - Summon Mana Viper              Hexes/Summoning              5
   e - Summon Hydra                   Summoning                    7
 S - a book of Flames

   Spells                             Type                      Level
   a - Flame Tongue                   Conjuration/Fire             1
   b - Throw Flame                    Conjuration/Fire             2
   c - Conjure Flame                  Conjuration/Fire             3
   d - Inner Flame                    Hexes/Fire                   3
   e - Sticky Flame                   Conjuration/Fire             4
   f - Fireball                       Conjuration/Fire             5
Comestibles
 c - 39 rations
 j - 15 chunks of flesh


   Skills:
 + Level 9.6(9.2) Fighting
 + Level 17.2(16.7) Maces & Flails
 * Level 5.2(4.8) Throwing
 + Level 4.5(4.1) Armour
 + Level 8.7(8.3) Dodging
 - Level 1.3(1.0) Spellcasting
 - Level 2.0(1.6) Charms
 - Level 2.0(1.6) Necromancy
 - Level 2.0(1.6) Translocations
 + Level 5.1(4.7) Evocations


You had 8 spell levels left.
You knew the following spells:

 Your Spells              Type           Power        Failure   Level  Hunger
a - Blink                 Tloc           N/A          26%         2    ###....
b - Song of Slaying       Chrm           #.......     26%         2    ###....
c - Regeneration          Chrm/Necr      #.........   45%         3    ####...


Dungeon Overview and Level Annotations

Branches:
Dungeon (11/15)            Temple (0/1) D:5            Lair (6/6) D:10
 Shoals (0/4) Lair:4       Spider (0/4) Lair:3        Slime (0/5) Lair:6
    Orc (1/2) D:10

Altars:
Ashenzari
Trog
Vehumet
Xom
Beogh

Shops:
D:6 :?[}   D:7 *   D:9 ?   D:10 ?

Annotations:
D:5 supermoro's ghost, novice MiGl
Lair:3 exclusion: downstairs


Innate Abilities, Weirdness & Mutations

You are too large for most types of armour.
You have claws for hands.
Your metabolism is lightning-fast.
You like to eat raw meat.
You heal very quickly.
You are covered in thick fur. (AC +2)
You have very tough skin. (AC +2)
You have large cloven feet.
You have a pair of small horns on your head.
You are partially covered in large bone plates. (SH +4)
You are partially covered in yellow scales. (AC +2)
You are very agile. (Dex +4)
You possess an exceptional clarity of mind.
You are resistant to hostile enchantments. (MR+)
You passively map a small area around you.


Message History

The orc high priest is lightly wounded.
The orc high priest mumbles some strange prayers to Beogh.
You block the chaos spawn's attack.
You perforate the orc high priest like a sieve!!!
Your kick misses the orc high priest.
You kill the orc high priest!
The hellwing disappears in a puff of smoke!
The ice devil disappears in a puff of smoke!
You skewer the orc wizard like a kebab!!!
You kill the orc wizard!
The chaos spawn completely misses you.
Items here: $ )) [[ † You feel a strong urge to attack something.
You are no longer berserk.
You are exhausted.
You feel yourself slow down. The smoke demon gestures at you. Beogh smites you!
You die...
Xom giggles madly!

##### ##...##....#.#.. *
, ....###........#...#. ,
# ##.4o##.....>........
,.#.#$.oo##..............
,*
)...,,#3##............##
, *
.8$8o##.##........#.### ,
.$_)|o#4##©.........##
.8$8$##)##...........###
, .... #@##..........##.#
,
.#.#..§§##..........#...
*# ##.§.##...........#.#
©...§###..........##.# *
##### ##.............. *
#######....))..#...... ,,
##.##...#..##....##.... ,
#....#.^.#.##(...##...#
##..........#...###....


You could see an orc high priest, a hellwing, a smoke demon, a chaos spawn, an
orc priest and an orc.

Vanquished Creatures
  An orc warlord (Orc:1)
  An ettin (Orc:1)
  5 hydras
  A centaur warrior (D:8)
  2 two-headed ogres
  10 death yaks
  An orc high priest (Orc:1)
  Sonja (Lair:2)
  An orc knight (Orc:1)
  2 oklob plants (Lair:6)
  14 elephants
  2 torpor snails
  Joseph (D:9)
  5 black mambas
  17 spiny frogs
  8 komodo dragons
  5 rime drakes
  A troll (Orc:1)
  7 polar bears
  3 hornets (Lair:6)
  2 dream sheep (Lair:6)
  23 blink frogs
  2 slime creatures (Lair:6)
  5 hippogriffs
  2 redbacks (Lair:3)
  14 spriggans
  A vampire (D:10)
  3 hogs (D:7)
  A wyvern (Lair:3)
  2 basilisks
  A human (D:7)
  30 yaks
  A hungry ghost (D:10)
  A warg (D:10)
  5 porcupines
  6 water moccasins
  2 sky beasts
  9 orc warriors
  3 ice beasts
  A necrophage (D:10)
  5 ogres
  4 boggarts (Lair:6)
  4 phantoms
  4 black bears
  22 wolves
  9 centaurs
  11 crocodiles
  A big kobold (D:8)
  8 bullfrogs
  A scorpion (D:8)
  3 wights (D:8)
  4 howler monkeys
  3 killer bees (D:8)
  2 crimson imps
  Crazy Yiuf (D:4)
  A hound (D:4)
  A centaur zombie (D:6)
  13 orc priests
  3 jellies
  15 orc wizards
  A centaur skeleton (D:10)
  4 iguanas
  10 worker ants
  3 hound zombies
  4 worker ant zombies
  A howler monkey skeleton (D:8)
  6 adders
  2 shadow imps
  4 adder zombies
  A worm (D:3)
  7 leopard geckos
  63 orcs
  2 ball pythons
  7 bats
  5 giant cockroaches
  7 hobgoblins
  18 jackals
  15 kobolds
  4 quokkas
  8 frilled lizards
  9 goblins
  A leopard gecko skeleton (D:5)
  A quokka zombie (D:2)
  7 rats
  2 fire vortices
  A fungus (Lair:6)
  2 plants (Lair:6)
512 creatures vanquished.

Vanquished Creatures (collateral kills)
  2 yaks (D:10)
  A water moccasin (Lair:1)
  An orc warrior (D:10)
  An orc wizard (D:10)
  3 orcs (D:10)
8 creatures vanquished.

Vanquished Creatures (others)
  A bush (Lair:5)
  A fire vortex (D:7)
  7 fungi
  6 plants
15 creatures vanquished.

Grand Total: 535 creatures vanquished

Notes
Turn   | Place    | Note
-------+----------+-------------------------------------------
     0 | D:1      | dellamorte the Troll Chaos Knight began the quest for the Orb.
     0 | D:1      | Reached XP level 1. HP: 22/22 MP: 0/0
   178 | D:1      | Reached XP level 2. HP: 29/29 MP: 1/1
   191 | D:1      | Reached skill level 3 in Maces & Flails
   250 | D:1      | XOM: harmless Air miscast
   601 | D:1      | XOM: divination: detect items
   928 | D:2      | XOM: give mutations
   928 | D:2      | Gained mutation: You are clumsy. (Dex -2) [Xom's mischief]
   928 | D:2      | Gained mutation: You are covered in thick fur. (AC +2) [Xom's mischief]
   937 | D:2      | XOM: enchant monster (bad)
  1022 | D:2      | Reached XP level 3. HP: 36/36 MP: 2/2
  1220 | D:2      | XOM: give mutation
  1220 | D:2      | Lost mutation: You are clumsy. (Dex -2) [Xom's mischief]
  1370 | D:2      | XOM: 4-stop teleportation journey
  1911 | D:3      | XOM: repel stairs
  1916 | D:3      | Reached XP level 4. HP: 44/44 MP: 3/3
  1946 | D:3      | XOM: chaos cloud
  2105 | D:3      | Reached skill level 4 in Maces & Flails
  2263 | D:3      | XOM: 2-stop teleportation journey
  2693 | D:4      | XOM: fake destruction
  2695 | D:4      | Reached XP level 5. HP: 53/53 MP: 4/4
  2993 | D:4      | Reached skill level 5 in Maces & Flails
  3016 | D:4      | XOM: give mutations
  3016 | D:4      | Gained mutation: You heal very quickly. [Xom's grace]
  3016 | D:4      | Gained mutation: You have large cloven feet. [Xom's grace]
  3016 | D:4      | Gained mutation: You are resistant to hostile enchantments. (MR+) [Xom's grace]
  3016 | D:4      | Gained mutation: You evolve. [Xom's grace]
  3200 | D:4      | XOM: divination: magic mapping
  3252 | D:4      | Found a runed door.
  3313 | D:4      | Gained mutation: You are agile. (Dex +2) [evolution]
  3466 | D:4      | XOM: noise
  3520 | D:4      | Noticed Crazy Yiuf
  3541 | D:4      | Killed Crazy Yiuf
  3541 | D:4      | Reached XP level 6. HP: 47/61 MP: 5/5
  3577 | D:5      | Entered Level 5 of the Dungeon
  3676 | D:5      | XOM: cloud trail
  3702 | D:5      | Learned a level 2 spell: Blink
  3851 | D:5      | Noticed supermoro's ghost (novice MiGl)
  3878 | D:5      | XOM: noise
  3886 | D:5      | Found a staircase to the Ecumenical Temple.
  3896 | D:6      | XOM: potion effect (haste)
  3962 | D:6      | XOM: potion effect (invisibility)
  3963 | D:6      | XOM: silly message
  3969 | D:6      | XOM: confuse monster(s)
  3981 | D:6      | Reached skill level 1 in Translocations
  3981 | D:6      | Reached XP level 7. HP: 53/67 MP: 5/7
  4048 | D:6      | Found a radiant altar of Vehumet.
  4083 | D:6      | Got a fine hunting sling
  4086 | D:6      | Identified the +6 hunting sling "Paasiv" {venom, rC+} (You found it on level 6 of the Dungeon)
  4168 | D:6      | Found Xugoyzxuown's Gadget Emporium.
  4221 | D:6      | XOM: confuse monster(s)
  4224 | D:6      | Reached skill level 1 in Spellcasting
  4233 | D:6      | Reached skill level 6 in Maces & Flails
  4264 | D:6      | Found Hoekliv's Antique Armour Shoppe.
  4324 | D:6      | XOM: scenery: create altars
  4359 | D:6      | XOM: cleaving
  4488 | D:6      | Found Pecy's Book Shoppe.
  4500 | D:6      | Found Zootsyif's Magic Scroll Shop.
  4508 | D:6      | Bought a scroll of teleportation for 30 gold pieces
  4508 | D:6      | Bought a scroll of teleportation for 30 gold pieces
  4508 | D:6      | Bought a scroll of remove curse for 30 gold pieces
  4836 | D:7      | XOM: fog
  4840 | D:7      | XOM: cleaving
  4845 | D:7      | XOM: divination: detect items
  5001 | D:7      | Found the ring of the Mage {Wiz MR++ Int+3}
  5049 | D:7      | Found the +0 pair of fencer's gloves {+Riposte Dex+3}
  5052 | D:7      | XOM: mild Fire miscast
  5057 | D:7      | Reached XP level 8. HP: 78/78 MP: 9/9
  5214 | D:7      | XOM: blink monster(s)
  5218 | D:7      | Reached skill level 7 in Maces & Flails
  5218 | D:7      | Reached skill level 1 in Evocations
  5243 | D:7      | XOM: enchant monster (bad)
  5244 | D:7      | XOM: mild Conj miscast
  5248 | D:7      | Reached skill level 8 in Maces & Flails
  5258 | D:7      | XOM: fog
  5260 | D:7      | XOM: harmless Necr miscast
  5273 | D:7      | XOM: medium Fire miscast
  5414 | D:7      | Gained mutation: You are partially covered in yellow scales. (AC +2) [evolution]
  5414 | D:7      | Lost mutation: You evolve. [end of evolution]
  5509 | D:7      | XOM: severe Hex miscast
  5520 | D:7      | Reached XP level 9. HP: 87/87 MP: 10/10
  5552 | D:7      | XOM: enchant monster (bad)
  5556 | D:7      | XOM: enchant monster (good)
  5587 | D:7      | Found Nuahy's Assorted Antiques.
  5595 | D:7      | Bought a shimmering robe for 148 gold pieces
  5595 | D:7      | Identified the +0 robe "Qais" {Str+2 Int+2 Slay+3} (You bought it in a shop on level 7 of the Dungeon)
  5596 | D:7      | XOM: mild Hex miscast
  5697 | D:8      | XOM: confuse monster(s)
  5712 | D:8      | Noticed a centaur warrior
  5712 | D:8      | XOM: enchant monster (good)
  5725 | D:8      | Noticed a two-headed ogre
  5725 | D:8      | Killed a centaur warrior
  5725 | D:8      | Reached skill level 5 in Fighting
  5725 | D:8      | Reached skill level 9 in Maces & Flails
  5735 | D:8      | Killed a two-headed ogre
  5735 | D:8      | Reached skill level 10 in Maces & Flails
  5888 | D:8      | Reached XP level 10. HP: 98/98 MP: 11/11
  5901 | D:8      | Identified the Disquisition on Translocation and Self-Knowledge
  5926 | D:8      | Learned a level 2 spell: Song of Slaying
  5953 | D:8      | XOM: harmless Tmut miscast
  5972 | D:8      | XOM: potion effect (haste)
  5978 | D:8      | Reached skill level 5 in Dodging
  6024 | D:8      | Got an ancient hand axe
  6025 | D:8      | Identified the +9 hand axe of the Eel {distort, rF- rC+ Int+4 Dex+4} (You found it on level 8 of the Dungeon)
  6052 | D:8      | Found a bloodstained altar of Trog.
  6097 | D:8      | XOM: enchant monster (good)
  6403 | D:9      | Noticed a two-headed ogre
  6408 | D:9      | Killed a two-headed ogre
  6408 | D:9      | Reached skill level 1 in Charms
  6440 | D:9      | Noticed Joseph
  6447 | D:9      | XOM: confusion (+ monsters)
  6450 | D:9      | XOM: scenery: create altars
  6458 | D:9      | Killed Joseph
  6543 | D:9      | Found Jelatrofi's Magic Scroll Boutique.
  6763 | D:10     | Entered Level 10 of the Dungeon
  6770 | D:10     | Reached skill level 11 in Maces & Flails
  6870 | D:10     | XOM: confusion
  6973 | D:10     | Found a staircase to the Lair.
  7120 | D:10     | XOM: harmless Ice miscast
  7233 | D:10     | Found Otweom's Magic Scroll Boutique.
  7270 | D:10     | XOM: harmless Erth miscast
  7285 | D:10     | XOM: mild Conj miscast
  7420 | D:10     | XOM: polymorph orc warrior -> warg
  7430 | D:10     | Reached XP level 11. HP: 107/107 MP: 12/12
  7440 | D:10     | Reached skill level 12 in Maces & Flails
  7510 | D:10     | Found a staircase to the Orcish Mines.
  7534 | D:10     | XOM: god gift: robe {god gift}
  7645 | D:10     | XOM: mild Summ miscast
  7660 | D:10     | Learned a level 3 spell: Regeneration
  7661 | Lair:1   | Entered Level 1 of the Lair of Beasts
  7725 | D:10     | Reached skill level 1 in Necromancy
  7807 | D:10     | XOM: medium Fire miscast
  7926 | Lair:1   | XOM: god gift: 3 rations
  7928 | Lair:1   | XOM: silly message
  7935 | Lair:1   | XOM: summons friendly crimson imp
  7960 | Lair:1   | XOM: polymorph crimson imp -> quasit
  8086 | Lair:1   | Reached skill level 13 in Maces & Flails
  8133 | Lair:1   | XOM: give mutation
  8133 | Lair:1   | Lost mutation: You are resistant to hostile enchantments. (MR+) [Xom's mischief]
  8442 | Lair:2   | XOM: polymorph yak -> spriggan
  8459 | Lair:2   | Reached skill level 1 in Armour
  8492 | Lair:2   | XOM: give mutations
  8492 | Lair:2   | Gained mutation: You are resistant to hostile enchantments. (MR+) [Xom's grace]
  8492 | Lair:2   | Gained mutation: You have a pair of small horns on your head. [Xom's grace]
  8492 | Lair:2   | Gained mutation: You passively map a small area around you. [Xom's grace]
  8619 | Lair:2   | XOM: give mutations
  8619 | Lair:2   | Gained mutation: You are very agile. (Dex +4) [Xom's grace]
  8619 | Lair:2   | Gained mutation: You are partially covered in large bone plates. (SH +4) [Xom's grace]
  8619 | Lair:2   | Gained mutation: You possess an exceptional clarity of mind. [Xom's grace]
  8733 | Lair:2   | XOM: mild Tloc miscast
  8761 | Lair:2   | XOM: harmless Conj miscast
  8934 | Lair:2   | XOM: blink monster(s)
  8935 | Lair:2   | Noticed Sonja
  8939 | Lair:2   | Killed Sonja
  9115 | Lair:2   | XOM: silly message
  9268 | D:10     | Bought a scroll of enchant weapon for 120 gold pieces
  9268 | D:10     | Bought a scroll of enchant weapon for 120 gold pieces
  9435 | Lair:3   | Reached skill level 14 in Maces & Flails
  9442 | Lair:3   | Reached XP level 12. HP: 118/118 MP: 13/13
  9458 | Lair:3   | XOM: harmless Air miscast
  9557 | Lair:3   | You fall through a shaft!
  9806 | Lair:3   | Found a hole to the Spider Nest.
 10152 | Lair:3   | XOM: mild Fire miscast
 10476 | Lair:4   | XOM: confuse monster(s)
 10477 | Lair:4   | XOM: confuse monster(s)
 10479 | Lair:4   | Reached skill level 15 in Maces & Flails
 10486 | Lair:4   | XOM: potion effect (might)
 10507 | Lair:4   | Noticed a death yak
 10507 | Lair:4   | Noticed a death yak
 10507 | Lair:4   | Noticed a death yak
 10508 | Lair:4   | Noticed a death yak
 10508 | Lair:4   | Noticed a five-headed hydra
 10508 | Lair:4   | XOM: cleaving
 10510 | Lair:4   | XOM: fog
 10511 | Lair:4   | XOM: summons friendly iron imp
 10523 | Lair:4   | XOM: summons 5 friendly demons
 10524 | Lair:4   | XOM: scenery: create altars
 10528 | Lair:3   | XOM: smoke on damage
 10529 | Lair:3   | Killed a death yak
 10548 | Lair:4   | XOM: cast spell 'Leda's Liquefaction'
 10557 | Lair:4   | Killed a five-headed hydra
 10558 | Lair:4   | XOM: mild Pois miscast
 10559 | Lair:4   | Killed a death yak
 10561 | Lair:4   | XOM: enchant monster (good)
 10563 | Lair:4   | Killed a death yak
 10580 | Lair:4   | Killed a death yak
 10689 | Lair:4   | Found a staircase to the Shoals.
 10741 | Lair:4   | Noticed an eight-headed hydra
 10747 | Lair:4   | Killed an eight-headed hydra
 10819 | Lair:4   | Noticed a death yak
 10832 | Lair:4   | Killed a death yak
 11029 | Lair:4   | XOM: mild Necr miscast
 11201 | Lair:5   | Noticed a six-headed hydra
 11202 | Lair:5   | XOM: confuse monster(s)
 11207 | Lair:5   | Killed a six-headed hydra
 11207 | Lair:5   | Reached XP level 13. HP: 127/127 MP: 11/15
 11208 | Lair:5   | XOM: potion effect (haste)
 11409 | Lair:5   | Reached skill level 1 in Throwing
 11544 | Lair:5   | XOM: enchant monster (bad)
 11674 | Lair:5   | XOM: noise
 11682 | Lair:5   | XOM: enchant monster (good)
 11683 | Lair:5   | Reached skill level 16 in Maces & Flails
 11733 | Lair:5   | Reached skill level 5 in Evocations
 12096 | Lair:5   | XOM: silly message
 12356 | Lair:6   | Entered Level 6 of the Lair of Beasts
 12364 | Lair:6   | XOM: enchant monster (good)
 12447 | Lair:6   | XOM: potion effect (invisibility)
 12457 | Lair:5   | XOM: harmless Air miscast
 12704 | Lair:6   | XOM: potion effect (curing)
 12756 | Lair:6   | XOM: confuse monster(s)
 12973 | Lair:6   | Found a staircase to the Slime Pits.
 12985 | Lair:6   | XOM: polymorph wolf -> centaur
 13037 | Lair:6   | XOM: silly message
 13135 | Lair:6   | Reached XP level 14. HP: 140/140 MP: 16/16
 13150 | Lair:6   | XOM: divination: detect creatures
 13227 | Lair:6   | XOM: enchant monster (good)
 13244 | Lair:6   | XOM: cast spell 'Summon Mana Viper'
 13540 | Lair:4   | XOM: scenery: 1 doors open
 13557 | Lair:3   | XOM: cloud trail
 13709 | D:10     | XOM: scenery: create altars
 14032 | Lair:6   | XOM: destruction
 14074 | Lair:6   | XOM: summons friendly iron imp
 14075 | Lair:6   | XOM: enchant monster (good)
 14082 | Lair:6   | XOM: cleaving
 14093 | Lair:6   | Reached skill level 17 in Maces & Flails
 14093 | Lair:6   | XOM: fog
 14142 | Lair:6   | XOM: god gift: 4 rations
 14179 | Lair:6   | Found a shattered altar of Ashenzari.
 14524 | Lair:6   | XOM: stat loss: -1 Int (9/10)
 14706 | Orc:1    | Entered Level 1 of the Orcish Mines
 14746 | Orc:1    | Found a roughly hewn altar of Beogh.
 14797 | Orc:1    | Found a transporter.
 14986 | Orc:1    | Noticed an orc warlord
 14986 | Orc:1    | Found a roughly hewn altar of Beogh.
 14996 | Orc:1    | XOM: polymorph two-headed ogre -> torpor snail
 15001 | Orc:1    | Reached skill level 5 in Throwing
 15008 | Orc:1    | Killed an orc warlord
 15019 | Orc:1    | Killed from afar by a smoke demon

Skill      XL: |  1  2  3  4  5  6  7  8  9 10 11 12 13 14 |
---------------+-------------------------------------------+-----
Dodging        | 2 3 4 6 7 8 |  8.7
Maces & Flails | 3 4 5 6 8 10 11 14 15 16 17 | 17.2
Fighting       | 3 4 5 6 7 8 9 |  9.6
Translocations | 1 2 |  2.0
Spellcasting   | 1 |  1.3
Evocations     | 1 3 4 5 |  5.1
Charms         | 2 |  2.0
Necromancy     | 2 |  2.0
Armour         | 2 4 |  4.5
Throwing       | 3 5 |  5.2

Action                   |  1- 3 |  4- 6 |  7- 9 | 10-12 | 13-15 || total
-------------------------+-------+-------+-------+-------+-------++-------
Melee: Mace              |   128 |   269 |   254 |    61 |       ||   712
       Kick              |       |    17 |    87 |   160 |   151 ||   415
       Giant spiked club |       |       |       |   385 |   377 ||   762
       Headbutt          |       |       |       |    35 |    84 ||   119
Throw: Large rock        |       |       |       |       |    13 ||    13
 Cast: Song of Slaying   |       |       |       |     6 |     5 ||    11
       Regeneration      |       |       |       |     5 |     3 ||     8
       Blink             |       |       |       |     1 |     1 ||     2
 Abil: Evoke Berserk Rag |       |     1 |     7 |    17 |    11 ||    36
  Use: Potion            |     2 |     5 |     1 |     5 |     5 ||    18
       Scroll            |     5 |     3 |     7 |     9 |     3 ||    27
 Stab: Sleeping          |       |     1 |       |       |       ||     1
       Invisible         |       |     1 |       |       |     5 ||     6
       Petrified         |       |       |     8 |       |       ||     8
       Confused          |       |       |       |     1 |       ||     1
       Paralysed         |       |       |       |       |     2 ||     2
  Eat: Chunk             |    23 |    21 |    23 |    65 |    49 ||   181
Armor: Robe              |    84 |   160 |   130 |   172 |   114 ||   660
       Skin              |       |     5 |       |       |       ||     5
Dodge: Dodged            |    79 |   185 |   163 |   318 |   328 ||  1073
Block: Other             |       |       |       |    13 |    75 ||    88
